 Dungeon Crawl Stone Soup version 0.28.0-49-g6dfe1f597d (webtiles) character file.

Game seed: 9983287659781092880

14710 GigaChad the Carver (level 11, -15/104 HPs)
             Began as a Minotaur Fighter on May 12, 2022.
             Was a Priest of Ashenzari.
             Demolished by an iron troll (17 damage)
             ... on level 13 of the Dungeon.
             The game lasted 00:40:58 (14058 turns).

GigaChad the Carver (Minotaur Fighter)             Turns: 14058, Time: 00:40:59

Health: -15/104    AC: 14    Str: 27    XL:     11   Next: 92%
Magic:  10/10      EV: 14    Int:  7    God:    Ashenzari [***...]
Gold:   36         SH: 12    Dex: 17    Spells: 10/10 levels left

rFire   . . .      SeeInvis +   a - +1 long sword "Esoteric Asceticism" {venom, Range, Evo} (curse)
rCold   . . .      Faith    .   G - +0 kite shield "Perceptive Foul Odours" {Range, Melee} (curse)
rNeg    . . .      Spirit   .   e - +2 chain mail
rPois   .          Reflect  .   (helmet restricted)
rElec   .          Harm     .   (no cloak)
rCorr   .          Rampage  .   (no gloves)
Will    .....      Clarity  +   (no boots)
Stlth   ..........              q - amulet of Ashenzari's Sun {Regen+, Cun, Elem} (curse)
HPRegen 1.07/turn               p - ring of the Bound Doubts {EV+4, Self, Range} (curse)
MPRegen 0.12/turn               K - ring of Supernal Knowledge {Str+6 Dex+5, Melee, Range} (curse)

@: about to teleport
A: horns 2, retaliatory headbutt
a: Renounce Religion, Shatter the Chains


You were on level 13 of the Dungeon.
You worshipped Ashenzari.
Ashenzari was most pleased with you.
You visited 2 branches of the dungeon, and saw 14 of its levels.

You collected 608 gold pieces.
You spent 572 gold pieces at shops.

Inventory:

Hand Weapons
 a - the cursed +1 long sword "Esoteric Asceticism" (weapon) {venom, Range, Evo}

   It poisons the flesh of those it strikes.
   It has a curse which improves the following skills: Ranged Combat: Slings,
   Bows, Crossbows and Throwing.
   Evocations: Evocations.
 u - a +0 short sword of venom
 A - a +0 scythe
 H - the +9 long sword "Yraitea" {vorpal, rC++ rCorr Int-2}
   (You found it on level 12 of the Dungeon)

   It inflicts extra damage upon your enemies.
   Int:       It affects your intelligence (-2).
   rC:        It greatly protects you from cold.
   rCorr:     It protects you from acid and corrosion.
 J - a +2 spear of freezing
 L - the +4 trident "Xeimoem" {protect, Dex+2}
   (You found it on level 11 of the Dungeon)

   It grants its wielder temporary protection when it strikes (+7 to AC).
   Dex:       It affects your dexterity (+2).
 M - a +0 longbow
 N - a +0 vorpal long sword
 S - a +4 great sword
 T - a +5 great sword
 V - a +0 scimitar
 W - a +1 halberd of flaming
Missiles
 g - a curare-tipped dart (quivered)
 t - a silver boomerang
 y - 11 poisoned darts
 z - 179 arrows
 I - 6 boomerangs
 Z - 6 atropa-tipped darts
Armour
 b - a +0 scale mail
 c - a +0 buckler
 e - a +2 chain mail (worn)
 v - the +4 ring mail "Genluh" {rPois}
   (You found it on level 6 of the Dungeon)

   rPois:     It protects you from poison.
 G - the cursed +0 kite shield "Perceptive Foul Odours" (worn) {Range, Melee}
   (You found it on level 7 of the Dungeon)

   It has a curse which improves the following skills: Ranged Combat: Slings,
   Bows, Crossbows and Throwing.
   Melee Combat: Short Blades, Long Blades, Axes, Maces & Flails, Polearms,
   Staves and Unarmed Combat.
 O - a +2 robe of positive energy
 X - +0 steam dragon scales
Magical Staves
 w - a staff of poison
Jewellery
 l - a ring of positive energy
 p - the cursed ring of the Bound Doubts (left hand) {EV+4, Self, Range}
   (You bought it in a shop on level 12 of the Dungeon)

   [ring of evasion]

   EV:        It affects your evasion (+4).
   It has a curse which improves the following skills: Introspection: Fighting
   and Spellcasting.
   Ranged Combat: Slings, Bows, Crossbows and Throwing.
 q - the cursed amulet of Ashenzari's Sun (around neck) {Regen+, Cun, Elem}
   (You found it on level 4 of the Dungeon)

   [amulet of regeneration]

   Regen:     It increases your rate of health regeneration.
   It has a curse which improves the following skills: Cunning: Dodging and
   Stealth.
   Elements:  Fire Magic, Ice Magic, Air Magic and Earth Magic.
 D - an amulet of reflection
 F - an amulet of regeneration
 K - the cursed ring of Supernal Knowledge (right hand) {Str+6 Dex+5, Melee, Range}
   (You acquired it on level 11 of the Dungeon)

   [ring of strength]

   Str:       It affects your strength (+6).
   Dex:       It affects your dexterity (+5).
   It has a curse which improves the following skills: Melee Combat: Short
   Blades, Long Blades, Axes, Maces & Flails, Polearms, Staves and Unarmed
   Combat.
   Ranged Combat: Slings, Bows, Crossbows and Throwing.
 P - the amulet "Nimmeew" {RegenMP rPois rCorr}
   (You found it on level 9 of the Dungeon)

   [amulet of magic regeneration]

   It increases your rate of magic regeneration.
   rPois:     It protects you from poison.
   rCorr:     It protects you from acid and corrosion.
Wands
 s - a wand of flame (11)
 Q - a wand of iceblast (5)
 Y - a wand of mindburst (6)
Scrolls
 k - 4 scrolls of magic mapping
 n - a scroll of summoning
 o - 3 scrolls of amnesia
 r - a scroll of immolation
 x - 7 scrolls of identify
 B - 3 scrolls of fog
Potions
 d - 2 potions of might
 f - 3 potions of heal wounds
 h - a potion of haste
 i - a potion of ambrosia
 j - a potion of mutation
 m - 5 potions of curing
 C - a potion of berserk rage
 E - 4 potions of flight
 U - a potion of attraction


   Skills:
 + Level 10.4(12.0) Fighting
 + Level 13.4(15.8) Long Blades
 + Level 0.8(2.7) Throwing
 + Level 12.7 Armour
 + Level 4.0(5.5) Dodging
 + Level 1.3(2.4) Stealth
 + Level 10.4 Shields


You had 10 spell levels left.
You didn't know any spells.
Your spell library contained the following spells:

 Spells                   Type           Power      Damage    Failure   Level
 Summon Small Mammal      Summ           0%         N/A       99%         1
 Blink                    Tloc           0%         N/A       99%         2
 Sublimation of Blood     Necr           0%         N/A       99%         2
 Wereblood                Tmut           0%         N/A       99%         2
 Conjure Flame            Conj/Fire      0%         6-21      100%        3
 Gell's Gravitas          Tloc           0%         N/A       100%        3
 Ignite Poison            Fire/Tmut/Pois 0%         N/A       100%        3
 Lesser Beckoning         Tloc           0%         N/A       100%        3
 Ozocubu's Armour         Ice            0%         N/A       100%        3
 Teleport Other           Tloc           0%         N/A       100%        3
 Tukima's Dance           Hex            0%         N/A       100%        3
 Leda's Liquefaction      Hex/Erth       0%         N/A       100%        4
 Passage of Golubria      Tloc           0%         N/A       100%        4
 Sticky Flame             Conj/Fire      0%         2d3       100%        4
 Summon Lightning Spire   Summ/Air       0%         N/A       100%        4
 Iskenderun's Battlesphe  Conj           0%         2d6       100%        5
 Lee's Rapid Deconstruct  Erth           0%         3d5*      100%        5
 Manifold Assault         Tloc           0%         N/A       100%        5
 Metabolic Englaciation   Hex/Ice        0%         N/A       100%        5
 Yara's Violent Unravell  Hex/Tmut       0%         3d3       100%        5
 Dispersal                Tloc           0%         N/A       100%        6
 Iron Shot                Conj/Erth      0%         9d1       100%        6
 Simulacrum               Ice/Necr       0%         N/A       100%        6
 Statue Form              Tmut/Erth      0%         N/A       100%        6
 Spellforged Servitor     Conj/Summ      0%         N/A       100%        7
 Summon Hydra             Summ           0%         N/A       100%        7
 Dragon's Call            Summ           0%         N/A       100%        9


Dungeon Overview and Level Annotations

Branches:
Dungeon (13/15)            Temple (1/1) D:6            Lair (0/6) D:8
    Orc (0/2) D:12
 Vaults: D:13-14

Altars:
Ashenzari
Dithmenos
Elyvilon
Gozag
Hepliaklqana
Kikubaaqudgha
Makhleb
Nemelex Xobeh
Sif Muna
Vehumet
Xom
Yredelemnul
Zin
The Shining One

Shops:
D:9 *   D:12 =


Innate Abilities, Weirdness & Mutations

You have a pair of horns on your head.
You reflexively headbutt those who attack you in melee.


Message History

You headbutt the iron troll, but do no damage.
You hit the iron troll but do no damage.
You headbutt the iron troll, but do no damage.
You block the iron troll's attack. The iron troll barely misses you.
The iron troll claws you!
You hit the iron troll but do no damage.
The iron troll is poisoned.
The iron troll barely misses you. You furiously retaliate!
You headbutt the iron troll.
The iron troll claws you but does no damage.
You block the iron troll's attack.
You hit the iron troll but do no damage.
The iron troll looks as sick as possible!
The iron troll is lightly wounded.
You hit the iron troll.
The iron troll looks as sick as possible!
The iron troll is lightly wounded.
You block the iron troll's attack. x2
The iron troll claws you but does no damage.
You hit the iron troll.
The iron troll looks as sick as possible!
The iron troll is lightly wounded.
You hit the iron troll but do no damage.
The iron troll looks as sick as possible!
The iron troll is lightly wounded.
The iron troll bites you!! The iron troll claws you!
You block the iron troll's attack.
You hit the iron troll.
The iron troll looks as sick as possible!
You headbutt the iron troll.
The iron troll is lightly wounded.
You slash the iron troll!
The iron troll looks as sick as possible!
The iron troll is heavily wounded.
The iron troll bites you!!
* * * LOW HITPOINT WARNING * * *
You block the iron troll's attack. The iron troll claws you!
* * * LOW HITPOINT WARNING * * *
As you read the scroll of teleportation, it crumbles to dust.
You feel strangely unstable. The iron troll bites you!
You die...

* #.............#..,
, , ,,#.............
,,
**#....##...#####,
,, , #.............#
, ###..#######..#,
#[.#. ,∆ #..#,* *
##.#. ∆∆#†.# * , *
#.#.#####..# *
#######.#.CT@....#,*
* #.....).##########
, #..............,
,,, ,,
##.....>......##* ,
........<.....# , ,
,, .#............#
*, ,, , *
#............# , , ,
#............# , , ,
* #..............


You could see an iron troll (extremely poisoned) and an ettin.

Vanquished Creatures
  3 centaur warriors
  2 two-headed ogres
  Nergalle (D:10)
  A lindwurm (D:13)
  A deep elf pyromancer (D:9)
  A cyclops (D:11)
  Maggie (D:9)
  A gargoyle (D:12)
  A troll (D:11)
  A hornet (D:8)
  Grinder (D:5)
  Sigmund (D:6)
  2 wraiths
  3 shadows
  2 vampires (D:10)
  10 yaks
  3 vampire mosquitoes (D:12)
  Menkaure (D:5)
  4 acid dragons
  4 water moccasins
  3 orc warriors
  A black bear (D:5)
  A sky beast (D:7)
  2 ogres (D:7)
  4 centaurs
  A phantom (D:4)
  A kobold brigand (D:7)
  3 gnoll sergeants
  7 bullfrogs
  2 scorpions
  6 killer bees (D:9)
  3 howler monkeys
  5 wights
  9 centaur zombies
  A bullfrog zombie (D:7)
  A gnoll shaman (D:10)
  2 hounds
  A bullfrog skeleton (D:5)
  5 orc priests
  A jelly (D:7)
  A centaur skeleton (D:4)
  4 iguanas
  Jessica (D:2)
  8 orc wizards
  A hound skeleton (D:4)
  17 gnolls
  A howler monkey skeleton (D:4)
  6 adders
  A shadow imp (D:5)
  2 white imps
  2 adder skeletons (D:4)
  A worm (D:3)
  2 dart slugs
  28 orcs
  2 bats
  8 endoplasms
  4 goblins
  4 hobgoblins
  A quokka (D:2)
  8 ball pythons
  5 frilled lizards
  3 kobolds
  2 rats
215 creatures vanquished.

Notes
Turn   | Place    | Note
-------+----------+-------------------------------------------
     0 | D:1      | GigaChad the Minotaur Fighter began the quest for the Orb.
     0 | D:1      | Reached XP level 1. HP: 19/19 MP: 0/0
   622 | D:1      | Reached XP level 2. HP: 14/27 MP: 1/1
  1145 | D:1      | Found a faded altar of an unknown god.
  1696 | D:2      | Reached XP level 3. HP: 32/33 MP: 2/2
  1735 | D:2      | Noticed Jessica
  1739 | D:2      | Killed Jessica
  1740 | D:2      | Reached skill level 3 in Long Blades
  1881 | D:2      | Reached XP level 4. HP: 40/40 MP: 3/3
  2359 | D:3      | Found a shimmering altar of Xom.
  2490 | D:3      | Found a shimmering blue altar of Sif Muna.
  2969 | D:4      | Reached skill level 4 in Long Blades
  2969 | D:4      | Reached skill level 5 in Armour
  3352 | D:4      | Reached XP level 5. HP: 45/46 MP: 4/4
  3402 | D:4      | Noticed a phantom
  3410 | D:4      | Killed a phantom
  3422 | D:4      | Reached skill level 5 in Long Blades
  3879 | D:4      | Reached XP level 6. HP: 53/53 MP: 5/5
  4226 | D:5      | Entered Level 5 of the Dungeon
  4320 | D:5      | Reached skill level 5 in Fighting
  4403 | D:5      | Found a radiant altar of Vehumet.
  4406 | D:5      | Noticed Menkaure
  4417 | D:5      | Killed Menkaure
  4418 | D:5      | Reached skill level 6 in Long Blades
  4418 | D:5      | Reached XP level 7. HP: 24/61 MP: 6/6
  4775 | D:5      | Reached skill level 1 in Dodging
  4845 | D:5      | Noticed Grinder
  4856 | D:5      | Killed Grinder
  4857 | D:5      | Reached skill level 7 in Long Blades
  4857 | D:5      | Reached skill level 5 in Shields
  5254 | D:6      | Reached XP level 8. HP: 70/70 MP: 7/7
  5262 | D:6      | Identified the +4 ring mail "Genluh" {rPois}
  5520 | D:6      | Found a staircase to the Ecumenical Temple.
  5566 | D:6      | Noticed Sigmund
  5570 | D:6      | Reached skill level 8 in Long Blades
  5578 | D:6      | Killed Sigmund
  5595 | Temple   | Entered the Ecumenical Temple
  5615 | Temple   | Became a worshipper of Ashenzari the Shackled
  6381 | D:7      | Reached skill level 9 in Long Blades
  7069 | D:7      | Reached XP level 9. HP: 70/78 MP: 8/8
  8150 | D:8      | Reached skill level 10 in Long Blades
  8156 | D:8      | Reached * piety under Ashenzari
  8686 | D:8      | Reached skill level 1 in Stealth
  9210 | D:8      | Found a white marble altar of Elyvilon.
  9282 | D:8      | Found a staircase to the Lair.
  9406 | D:8      | Reached skill level 10 in Armour
  9479 | D:9      | Noticed a deep elf pyromancer
  9480 | D:9      | Identified the amulet "Nimmeew" {RegenMP rPois rCorr}
  9480 | D:9      | Noticed a centaur warrior
  9498 | D:9      | Killed a deep elf pyromancer
  9499 | D:9      | Reached XP level 10. HP: 78/88 MP: 9/9
  9510 | D:9      | Killed a centaur warrior
  9511 | D:9      | Reached skill level 11 in Long Blades
  9536 | D:9      | Noticed a centaur warrior
  9552 | D:9      | Killed a centaur warrior
 10154 | D:9      | Identified the Papyrus of Captivating Summoning
 10343 | D:9      | Noticed a two-headed ogre
 10351 | D:9      | Killed a two-headed ogre
 10566 | D:9      | Found Vetesi's Assorted Antiques.
 10571 | D:9      | Reached skill level 12 in Long Blades
 10591 | D:9      | Found a shadowy altar of Dithmenos.
 10613 | D:9      | Bought a scimitar for 104 gold pieces
 10617 | D:9      | Found an opulent altar of Gozag.
 10617 | D:9      | Found a burning altar of Makhleb.
 10620 | D:9      | Found a glowing golden altar of the Shining One.
 10637 | D:9      | Noticed Maggie
 10649 | D:9      | Killed Maggie
 10718 | D:10     | Entered Level 10 of the Dungeon
 11174 | D:10     | Reached XP level 11. HP: 93/95 MP: 10/10
 11488 | D:10     | Noticed Nergalle
 11504 | D:10     | Killed Nergalle
 12125 | D:11     | Reached skill level 13 in Long Blades
 12145 | D:11     | Identified the +4 trident "Xeimoem" {protect, Dex+2}
 12176 | D:11     | Identified the +1 robe "Ownyt" {Drain Will+ Str+5 Int+4}
 12261 | D:11     | Reached skill level 10 in Fighting
 12302 | D:11     | Identified a scroll of acquirement
 12324 | D:11     | Acquired the ring of Brilliance {Str+6 Dex+5}
 12335 | D:11     | Reached ** piety under Ashenzari
 12751 | D:11     | Noticed a centaur warrior
 12762 | D:11     | Killed a centaur warrior
 12979 | D:12     | Noticed a two-headed ogre
 12991 | D:12     | Reached skill level 10 in Shields
 12996 | D:12     | Killed a two-headed ogre
 13579 | D:12     | Identified the +9 long sword "Yraitea" {vorpal, rC++ rCorr
                  | Int-2}
 13652 | D:12     | Found Piunyg's Jewellery Shoppe.
 13677 | D:12     | Bought a +4 ring of evasion for 468 gold pieces
 13837 | D:12     | Found a staircase to the Orcish Mines.
 13894 | D:12     | Reached *** piety under Ashenzari
 14027 | D:13     | Noticed a lindwurm
 14036 | D:13     | Killed a lindwurm
 14043 | D:13     | Noticed an iron troll
 14044 | D:13     | Noticed an ettin
 14057 | D:13     | HP: 1/104 [iron troll (15)]
 14058 | D:13     | Demolished by an iron troll

Illustrated notes

Levels and vault maps discovered:
D:1:      amcnicky_arrival_wind_blow, layout_basic,
          hellmonk_ecumenical_altar_slurped_away
D:2:      layout_loops_corners, uniq_jessica
D:3:      layout_loops_corners, lemuel_blue_sif_altar,
          mainiacjoe_overflow_alcove_1, minmay_misc_feat_rugged
D:4:      layout_basic
D:5:      layout_basic, vehumet_crystals, hex_medium, uniq_menkaure,
          uniq_grinder
D:6:      layout_loops_corners, minmay_temple_entry_sparse_star, uniq_sigmund
D:7:      layout_loops_ring, minmay_bent
D:8:      nicolae_cairo_tiling_large, layout_cave_pools, lemuel_tele_altar,
          corexii_leaking_fountain, kennysheep_dice
D:9:      layout_roguey, grunt_temple_overflow_open, serial_shops, shop,
          minmay_radiant, uniq_maggie
D:10:     layout_rooms, uniq_nergalle
D:11:     layout_stronghold
D:12:     layout_gridville, david_orc_2, serial_shops, shop,
          minmay_misc_feat_secret_circle
D:13:     layout_roguey, david_vaults_4, nicolae_figureground_sparkle,
          uniq_frances, uniq_snorg
Temple:   eino_temple_water

Skill      XL: |  1  2  3  4  5  6  7  8  9 10 11 |
---------------+----------------------------------+-----
Armour         | 4 5 6 8 10 11 12 | 12.7
Shields        | 4 5 6 8 10 | 10.4
Fighting       | 4 5 6 7 8 10 | 10.4
Long Blades    | 3 4 5 6 7 9 10 12 13 | 13.4
Dodging        | 1 2 3 4 |  4.0
Stealth        | 1 |  1.3
Throwing       | |  0.8

Action                   |  1- 3 |  4- 6 |  7- 9 | 10-12 || total
-------------------------+-------+-------+-------+-------++-------
Melee: Long sword        |    53 |   104 |   293 |   390 ||   840
       Headbutt          |     6 |    22 |    45 |    91 ||   164
Throw: Dart              |       |       |     3 |     1 ||     4
Invok: Curse Item        |       |       |     2 |     3 ||     5
  Use: Scroll            |     1 |     4 |     4 |     3 ||    12
Armor: Scale mail        |    23 |       |       |       ||    23
       Chain mail        |    12 |    72 |   208 |   218 ||   510
Dodge: Dodged            |    21 |    38 |    88 |   143 ||   290
Block: Buckler           |    15 |    21 |    47 |       ||    83
       Kite shield       |       |       |    64 |   232 ||   296
